 Dungeon Crawl Stone Soup version 0.28-a0-1510-gd0f6b136d3 (webtiles) character file.

Game seed: 1256642710502937499

109 Hasart the Grasshopper (level 4, -4/36 HPs)
             Began as a Demigod Warper on Jan 16, 2022.
             Killed by nerve-wracking pain
             ... invoked by a shadow imp
             ... summoned by Natasha
              (10 damage)
             ... on level 4 of the Dungeon.
             The game lasted 00:04:32 (2772 turns).

Hasart the Grasshopper (Demigod Warper)             Turns: 2772, Time: 00:04:33

Health: -4/36      AC:  6    Str: 16    XL:     4   Next: 34%
Magic:  9/9        EV: 12    Int: 15    God:
Gold:   189        SH:  0    Dex: 13    Spells: 4/6 levels left

rFire   + . .      SeeInvis .   m - +1 flail (vorpal)
rCold   . . .      Faith    .   (no shield)
rNeg    . . .      Spirit   .   b - +0 leather armour
rPois   .          Reflect  .   n - +2 helmet
rElec   .          Harm     .   (no cloak)
rCorr   .          Rampage  .   (no gloves)
Will    .....                   (no boots)
Stlth   +.........              (no amulet)
HPRegen 0.12/turn               h - ring of protection from fire
MPRegen 0.11/turn               (no ring)

@: no status effects
A: high mp 1, forlorn, divine attributes
a: no special abilities


You were on level 4 of the Dungeon.
You visited 1 branch of the dungeon, and saw 4 of its levels.

You collected 189 gold pieces.

Inventory:

Hand Weapons
 a - a +0 hand axe
 m - a +1 vorpal flail (weapon)
Missiles
 d - 5 boomerangs of dispersal (quivered)
 r - 5 poisoned darts
Armour
 b - a +0 leather armour (worn)
 n - a +2 helmet (worn)
 p - the +0 hat of Subjectivity {+Inv rCorr}
   (You found it on level 4 of the Dungeon)

   +Inv:      It lets you turn invisible.
   rCorr:     It protects you from acid and corrosion.
Jewellery
 h - a ring of protection from fire (left hand)
Scrolls
 c - a scroll of blinking
 e - a scroll of enchant weapon {unknown}
 f - 2 scrolls of identify {unknown}
 g - 2 scrolls of acquirement {unknown}
 k - 2 scrolls of teleportation {unknown}
 l - a scroll of fog {unknown}
 q - a scroll of immolation {unknown}
Potions
 i - a potion of might {unknown}
 j - 2 potions of curing
 o - a potion of mutation {unknown}


   Skills:
 + Level 2.2 Fighting
 - Level 2.6(2.7) Axes
 * Level 0.5(1.7) Maces & Flails
 + Level 1.6 Throwing
 + Level 1.8 Armour
 + Level 2.2 Dodging
 - Level 1.7 Spellcasting
 + Level 3.1 Translocations
 + Level 0.0 Evocations


You had 4 spell levels left.
You knew the following spells:

 Your Spells              Type           Power      Damage    Failure   Level
a - Blink                 Tloc           20%        N/A       12%         2

Your spell library contained the following spells:

 Spells                   Type           Power      Damage    Failure   Level
 Gell's Gravitas          Tloc           10%        N/A       24%         3
 Lesser Beckoning         Tloc           10%        N/A       24%         3
 Teleport Other           Tloc           10%        N/A       24%         3
 Manifold Assault         Tloc           10%        N/A       91%         5


Dungeon Overview and Level Annotations

Branches:
Dungeon (4/15)
 Temple: D:4-7

Annotations:
D:3 1 runed translucent door, Crazy Yiuf
D:4 Natasha


Innate Abilities, Weirdness & Mutations

You have an increased reservoir of magic. (+10% MP)
You shall have no god before yourself.
Your divine heritage dramatically boosts your attributes as you level up.


Message History

You feel sick.
You feel sick.
You are no longer poisoned.
q - a scroll labelled HITSUSI JIGOKH You now have 189 gold pieces (gained 10).
Items here: ( ) [ †.
Okay, then.
r - 5 poisoned darts
Found a flail.
A kobold comes into view. It is wielding a +0 dagger.
A kobold is nearby!
The kobold shouts!
You hear a shout!
The kobold throws a stone.
The stone hits you.
Natasha and an ogre come into view.
Found a potion of curing.
The ogre shouts!
Natasha closely misses you.
The kobold throws a stone.
The stone hits you but does no damage.
You closely miss Natasha.
A centaur comes into view.
Natasha mumbles some strange words.
The centaur moves out of view.
You hit Natasha.
Natasha is moderately wounded.
The kobold throws a stone.
The stone barely misses you. Natasha claws you. Natasha misses you.
You barely miss Natasha.
Natasha is moderately wounded.
Natasha barely misses you. The kobold barely misses you.
The ogre hits you with a +0 giant club!!
Ouch! That really hurt!
* * * LOW HITPOINT WARNING * * *
Unknown command.
The crimson imp blinks!
The kobold hits you but does no damage.
Natasha casts a spell.
The crimson imp blinks!
The shadow imp grins evilly.
The shadow imp gestures at you. Pain shoots through your body!
You die...

#................).....#
########...............#
#.#.....######..#
#.####### ###..######
#.# ##..........
#.#########..#..######
#.##............#
#.##.#......#...#
#.#..5...@.........
......#.K..#....##.#
##.§..5......... .
#...#O.#.....#.#
#.c..h..........
.........##......#.
###.##........#... #
...#..#....##
.....!......


You could see an ogre, a centaur, Natasha, a crimson imp (summoned), a shadow
imp (summoned) and a kobold.

Vanquished Creatures
  Jessica (D:2)
  Robin (D:2)
  An adder (D:3)
  An adder skeleton (D:4)
  2 worms
  A dart slug (D:1)
  An orc (D:3)
  A ball python (D:2)
  3 bats (D:1)
  2 endoplasms
  4 giant cockroaches
  12 goblins
  4 hobgoblins
  7 kobolds
  2 quokkas (D:1)
  4 frilled lizards
  A rat (D:1)
48 creatures vanquished.

Notes
Turn   | Place    | Note
-------+----------+-------------------------------------------
     0 | D:1      | Hasart the Demigod Warper began the quest for the Orb.
     0 | D:1      | Reached XP level 1. HP: 17/17 MP: 5/5
   112 | D:1      | Reached skill level 1 in Armour
   153 | D:1      | Reached skill level 1 in Throwing
   475 | D:1      | Reached XP level 2. HP: 17/24 MP: 7/7
   700 | D:1      | Learned a level 2 spell: Blink
  1345 | D:2      | Noticed Robin
  1385 | D:2      | Reached XP level 3. HP: 17/27 MP: 8/8
  1537 | D:2      | Killed Robin
  1778 | D:2      | Noticed Jessica
  1783 | D:2      | Killed Jessica
  1784 | D:2      | Reached skill level 3 in Translocations
  2034 | D:2      | Reached XP level 4. HP: 33/36 MP: 9/9
  2096 | D:3      | Found a runed translucent door.
  2097 | D:3      | Noticed Crazy Yiuf
  2653 | D:4      | Identified the +0 hat of Subjectivity {+Inv rCorr}
  2764 | D:4      | Noticed Natasha
  2764 | D:4      | Noticed an ogre
  2766 | D:4      | Noticed a centaur
  2772 | D:4      | Killed from afar by a shadow imp

Illustrated notes

Levels and vault maps discovered:
D:1:      psy_arrival_radial02, layout_basic,
          shapermc_ecumenical_altar_notcrosses
D:2:      layout_loops_cross, uniq_jessica, uniq_robin
D:3:      layout_basic, mainiacjoe_overflow_alcove_4, uniq_crazy_yiuf_cottage
D:4:      layout_loops_ring, minmay_misc_feat_more_columns, uniq_duvessa,
          uniq_natasha

Skill      XL: |  1  2  3 |
---------------+----------+-----
Armour         | 1 |  1.8
Throwing       | 1 |  1.6
Axes           | 2 |  2.6
Dodging        | 2 |  2.2
Fighting       | 2 |  2.2
Translocations | 3 |  3.1
Maces & Flails | |  0.5
Spellcasting   | |  1.7

Action                   |  1- 3 |  4- 6 || total
-------------------------+-------+-------++-------
Melee: Hand axe          |   103 |       ||   103
       Punch             |     2 |     1 ||     3
       Flail             |    24 |    26 ||    50
Armor: Leather armour    |    44 |    12 ||    56
Dodge: Dodged            |    84 |    21 ||   105

Table legend: (Time is in decaauts)
 A = Elapsed time spent in this place.
 B = Non-inter-level travel time spent in this place.
 C = Inter-level travel time spent in this place.
 D = Time resting spent in this place.
 E = Time spent auto-exploring this place.
 F = Levels seen in this place.
 G = Mean time per level.
                   A        B        C        D        E       F      G
               +--------+--------+--------+--------+--------+-----+--------+
         Total |   2812 |   2721 |     91 |    348 |   1932 |   4 |  703.0 |
       Dungeon |   2812 |   2721 |     91 |    348 |   1932 |   4 |  703.0 |
               +--------+--------+--------+--------+--------+-----+--------+

Top non-repeatable levels by time:
     D:2: 1082 daAuts
     D:1: 990 daAuts
     D:3: 562 daAuts
     D:4: 177 daAuts
